 Dungeon Crawl Stone Soup version 0.21.0 (webtiles) character file.

20 Hekarica the Stinger (level 2, -3/18 HPs)
             Began as an Octopode Venom Mage on May 20, 2018.
             Slain by a kobold
             ... wielding a +0 club
              (4 damage)
             ... on level 1 of the Dungeon.
             The game lasted 00:02:10 (473 turns).

Hekarica the Stinger (Octopode Venom Mage)           Turns: 473, Time: 00:02:11

Health: -3/18      AC:  1    Str:  7    XL:     2   Next: 79%
Magic:  1/5        EV: 13    Int: 17    God:
Gold:   15         SH:  0    Dex: 12    Spells: 4/5 levels left

rFire    . . .     SeeInvis .   (no weapon)
rCold    . . .     Gourm    .   (no shield)
rNeg     . . .     Faith    .   (helmet restricted)
rPois    .         Spirit   .   (no amulet)
rElec    .         Reflect  .   (no ring)
rCorr    .         Harm     .   (no ring)
MR       .....                  (no ring)
Stlth    +++.......             (no ring)
HPRegen  0.06/turn              (no ring)
MPRegen  0.09/turn              (no ring)
                                (no ring)
                                (no ring)

@: no status effects
A: almost no armour, stealthy swim, amphibious, 8 rings, constrict 8, camouflage
1, gelatinous body 1
a: no special abilities


You were on level 1 of the Dungeon.
You were not hungry.

You visited 1 branch of the dungeon, and saw 1 of its levels.

You collected 15 gold pieces.

Inventory:

Scrolls
 c - 2 scrolls of magic mapping {unknown}
Books
 a - a Young Poisoner's Handbook

   Spells                             Type                      Level
   a - Sting                          Conjuration/Poison           1
   b - Poisonous Vapours              Poison/Air                   2
   c - Mephitic Cloud                 Conjuration/Poison/Air       3
   d - Olgreb's Toxic Radiance        Poison                       4
   e - Venom Bolt                     Conjuration/Poison           5
Comestibles
 b - 2 rations


   Skills:
 + Level 0.8 Fighting
 + Level 2.2 Dodging
 + Level 3.1 Stealth
 + Level 0.8 Unarmed Combat
 + Level 2.2 Spellcasting
 - Level 1.0 Conjurations
 - Level 3.6 Poison Magic


You had 4 spell levels left.
You knew the following spells:

 Your Spells              Type           Power        Failure   Level  Hunger
a - Sting                 Conj/Pois      #...         8%          1    #......


Dungeon Overview and Level Annotations

Branches:
Dungeon (1/15)

Altars:


Innate Abilities, Weirdness & Mutations

You cannot wear most types of armour.
You are very stealthy in the water. (Stealth+)
You are amphibious.
You can wear up to eight rings at the same time.
You can use your tentacles to constrict eight enemies at once.
Your skin changes colour to match your surroundings (Stealth+).
Your rubbery body absorbs attacks. (AC +1, EV +1)


Message History

A kobold comes into view.
You closely miss something. Something hits you.
The kobold shouts!
You barely miss something. The bat barely misses you.
The kobold closely misses you. The bat closely misses you. Something hits you.
* * * LOW HITPOINT WARNING * * *
You tentacle-slap the kobold but do no damage.
You grab the kobold.
You constrict the kobold, but do no damage.
The bat misses you. The kobold misses you. Something hits you.
* * * LOW HITPOINT WARNING * * *
You tentacle-slap the kobold but do no damage.
You constrict the kobold. The bat barely misses you. The kobold hits you.
* * * LOW HITPOINT WARNING * * *
Something hits you but does no damage.
You tentacle-slap the kobold but do no damage.
You squeeze the kobold.
You kill the kobold!
The bat hits you but does no damage. Something hits you.
You die...

..# ..# #... .......
..## ##............ ....
............. ..##
....r[.... . ....
#####... ....... #####
.....#.. ..#.... ....#
#...##{...... ...<#
#.r@b.# ...>######
##.w..### ....#....#
##††)......
######...###..##.##....
....##.###...##.#.##.#.#
...........#†# . ...## .
.............# . .##.
.....#.####...## ## .
###........##.....


You could see a dart slug, a bat and a rat.

Vanquished Creatures
  2 leopard geckos (D:1)
  4 goblins (D:1)
  3 hobgoblins (D:1)
  4 kobolds (D:1)
  2 bats (D:1)
15 creatures vanquished.

Notes
Turn   | Place    | Note
-------+----------+-------------------------------------------
     0 | D:1      | Hekarica the Octopode Venom Mage began the quest for the Orb.
     0 | D:1      | Reached XP level 1. HP: 11/11 MP: 3/3
   221 | D:1      | Reached XP level 2. HP: 18/18 MP: 0/5
   473 | D:1      | Slain by a kobold

Skill      XL: |  1  2 |
---------------+-------+-----
Stealth        | 3 |  3.1
Fighting       | |  0.8
Dodging        | |  2.2
Unarmed Combat | |  0.8
Spellcasting   | |  2.2
Conjurations   | |  1.0
Poison Magic   | |  3.6

Action                   || total
-------------------------++-------
Melee: Unarmed           ||    30
       Constrict         ||     6
       Tentacles         ||     4
 Cast: Sting             ||    20
Armor: Skin              ||     6
Dodge: Dodged            ||    26
